 Dungeon Crawl Stone Soup version 0.24.0-123-gd5b16e6ec5 (webtiles) character file.

Game seed: 14345765299170810410, levelgen mode: deterministic

2903 Martska the Ducker (level 9, -6/69 HPs)
             Began as a Merfolk Ice Elementalist on Jan 31, 2020.
             Was a Priest of Okawaru.
             Mangled by a hippogriff (8 damage)
             ... on level 8 of the Dungeon.
             The game lasted 00:24:45 (8106 turns).

Martska the Ducker (Merfolk Ice Elementalist)       Turns: 8106, Time: 00:24:48

Health: -6/69      AC:  4    Str:  8    XL:     9   Next: 78%
Magic:  1/13       EV: 17    Int: 14    God:    Okawaru [***...]
Gold:   307        SH:  0    Dex: 18    Spells: 2/14 levels left

rFire    . . .     SeeInvis .   r - +0 trident
rCold    . . .     Gourm    .   (no shield)
rNeg     . . .     Faith    .   w - +0 leather armour
rPois    .         Spirit   .   (no helmet)
rElec    .         Reflect  .   (no cloak)
rCorr    +         Harm     .   e - +0 pair of gloves
MR       .....                  (no boots)
Stlth    ++........             j - amulet of regeneration
HPRegen  0.61/turn              B - ring of resist corrosion
MPRegen  0.13/turn              (no ring)

@: very slightly contaminated
A: change form in water, swift swim, stealthy swim
a: Heroism, Renounce Religion


You were on level 8 of the Dungeon.
You worshipped Okawaru.
Okawaru was most pleased with you.
You were not hungry.

You visited 2 branches of the dungeon, and saw 9 of its levels.

You collected 427 gold pieces.
You spent 120 gold pieces at shops.

Inventory:

Hand Weapons
 d - a +0 short sword
 r - a +0 trident (weapon)
 t - a +0 quarterstaff
Armour
 a - a +0 robe
 e - a +0 pair of gloves (worn)
 w - a +0 leather armour (worn)
 x - a +0 pair of gloves
 F - a cursed +0 chain mail
Jewellery
 j - an amulet of regeneration (around neck)
 B - a ring of resist corrosion (left hand)
 D - an uncursed ring of teleportation
Wands
 s - a wand of random effects (60)
 y - a wand of clouds (2)
 z - a wand of paralysis (12)
 L - a wand of acid (4)
Scrolls
 f - 2 scrolls of teleportation
 l - 2 scrolls of fear
 n - a scroll of fog {unknown}
 o - 4 scrolls of remove curse
 q - 2 scrolls of immolation {unknown}
 v - 4 scrolls of amnesia {unknown}
 A - 3 scrolls of identify
 C - a scroll of enchant armour {unknown}
 E - 2 scrolls of blinking {unknown}
 G - a scroll of vulnerability {unknown}
 H - a scroll of enchant weapon {unknown}
 K - a scroll of silence {unknown}
Potions
 b - 2 potions of agility
 g - a potion of heal wounds
 h - 4 potions of haste
 i - 3 potions of lignification {unknown}
 k - 3 potions of curing
 m - a potion of invisibility {unknown}
 p - 2 potions of flight {unknown}
 u - 2 potions of brilliance
 I - a potion of ambrosia {unknown}
 J - a potion of might {unknown}
Comestibles
 c - 5 rations


   Skills:
 + Level 6.1 Fighting
 + Level 7.3 Polearms
 + Level 2.1 Armour
 + Level 7.9 Dodging
 - Level 2.1 Stealth
 - Level 3.0 Spellcasting
 - Level 2.0 Conjurations
 + Level 5.3 Charms
 + Level 7.1 Ice Magic


You had 2 spell levels left.
You knew the following spells:

 Your Spells              Type           Power        Failure   Level  Hunger
a - Freeze                Ice            ###.         1%          1    #......
b - Ozocubu's Armour      Chrm/Ice       ###.....     7%          3    ###....
c - Throw Icicle          Conj/Ice       ##......     41%         4    #####..
d - Summon Ice Beast      Ice/Summ       ##......     56%         4    #####..

Your spell library contained the following spells:

 Spells                   Type           Power        Failure   Level  Hunger
 Throw Frost              Conj/Ice       ##....       7%          2    ##.....


Dungeon Overview and Level Annotations

Branches:
Dungeon (8/15)             Temple (1/1) D:5
   Lair: D:8-11

Altars:
Ashenzari
Cheibriados
Dithmenos
Elyvilon
Fedhas
Gozag
Hepliaklqana
Kikubaaqudgha
Makhleb
Nemelex Xobeh
Okawaru
Qazlal
Ru
Sif Muna
Uskayaw
Wu Jian
Xom
Yredelemnul
Zin
The Shining One

Shops:
D:4 !   D:6 [


Message History

Aiming: Freeze (safe; 1% risk of failure)
Press: ? - help, Shift-Dir - straight line, f/p - hippogriff
Aim: a hippogriff (severely wounded)
You freeze the hippogriff.
The hippogriff is almost dead.
The hippogriff bites you! The hippogriff pecks you. The hippogriff claws you!
* * * LOW HITPOINT WARNING * * *
Casting: Freeze (safe; 1% risk of failure)
Confirm with . or Enter, or press ? or * to list all spells.
Aiming: Freeze (safe; 1% risk of failure)
Press: ? - help, Shift-Dir - straight line, f/p - hippogriff
Aim: a hippogriff (almost dead)
You freeze the hippogriff.
The hippogriff is almost dead.
The hippogriff bites you!
* * * LOW HITPOINT WARNING * * *
The hippogriff pecks you.
* * * LOW HITPOINT WARNING * * *
The hippogriff claws you!
You die...

#.# #.# #.# #.# # #.#######.###
###. #.#.........## #
#....#.#.....#....##.#
#..........#.......#
######.###.#.#..####
.>....).......H†.#
..######.....†@#.# #....#....###
#......)....#
#..#######.####.....############
........†.....'.....'...........
....######'####.....#.#........#
. .........# #.....#.#........#
.........# #..####.......÷..#
.........# ##.# #......#####


You could see a hippogriff.

Vanquished Creatures
  3 hippogriffs
  Menkaure (D:7)
  An orc warrior (D:6)
  3 ice beasts
  A phantom (D:7)
  A black bear (D:8)
  3 ogres
  A crocodile (D:8)
  3 bullfrogs
  A scorpion (D:5)
  6 killer bees (D:8)
  The ghost of FishyPogo the Skirmisher, a weakling DsCK of Xom (D:3)
  A bullfrog zombie (D:6)
  3 crimson imps
  A hound (D:6)
  2 orc priests
  A bullfrog skeleton (D:8)
  Ijyb (D:4)
  An iguana (D:5)
  An orc wizard (D:6)
  3 worker ants
  A killer bee zombie (D:8)
  A hound zombie (D:6)
  A worker ant zombie (D:7)
  6 gnolls
  A howler monkey zombie (D:7)
  14 adders
  A howler monkey skeleton (D:8)
  2 shadow imps
  4 worms
  2 dart slugs
  7 leopard geckos
  13 orcs
  A ball python (D:1)
  4 giant cockroaches
  7 goblins
  7 hobgoblins
  6 jackals
  10 quokkas
  7 bats
  4 frilled lizards
  A jackal skeleton (D:4)
  A jackal zombie (D:7)
  14 kobolds
  5 rats
  A spectral orc (D:6)
160 creatures vanquished.

Notes
Turn   | Place    | Note
-------+----------+-------------------------------------------
     0 | D:1      | Martska the Merfolk Ice Elementalist began the quest for
                  | the Orb.
     0 | D:1      | Reached XP level 1. HP: 13/13 MP: 3/3
   594 | D:1      | Reached XP level 2. HP: 19/20 MP: 1/5
   653 | D:1      | Reached skill level 1 in Fighting
   944 | D:1      | Reached XP level 3. HP: 20/26 MP: 6/6
  1608 | D:2      | Reached XP level 4. HP: 30/33 MP: 7/7
  1676 | D:2      | Found a sparkling altar of Nemelex Xobeh.
  2610 | D:3      | Learned a level 3 spell: Ozocubu's Armour
  2615 | D:3      | Learned a level 4 spell: Throw Icicle
  2734 | D:3      | Reached XP level 5. HP: 38/38 MP: 6/9
  2996 | D:3      | Reached skill level 1 in Polearms
  3301 | D:3      | Found a runed translucent gate.
  3302 | D:3      | Found a runed translucent gate.
  3303 | D:3      | Found a runed translucent gate.
  3303 | D:3      | Noticed FishyPogo's ghost (weakling DsCK)
  3425 | D:3      | Killed FishyPogo's ghost
  3566 | D:4      | Found a white marble altar of Elyvilon.
  3600 | D:4      | Reached skill level 1 in Charms
  3600 | D:4      | Reached XP level 6. HP: 46/46 MP: 10/10
  3629 | D:4      | Found Bap Dics's Distillery.
  3708 | D:5      | Entered Level 5 of the Dungeon
  3860 | D:5      | Found a staircase to the Ecumenical Temple.
  3867 | D:5      | Noticed a two-headed ogre
  4047 | D:4      | Bought a potion of heal wounds for 60 gold pieces
  4047 | D:4      | Bought a potion of heal wounds for 60 gold pieces
  4056 | D:4      | Noticed Ijyb
  4073 | D:4      | Killed Ijyb
  4302 | D:4      | Reached skill level 5 in Dodging
  4302 | D:4      | Reached XP level 7. HP: 15/52 MP: 2/11
  4857 | D:5      | Reached skill level 5 in Ice Magic
  5017 | Temple   | Entered the Ecumenical Temple
  5028 | Temple   | Became a worshipper of Warmaster Okawaru
  5135 | D:5      | Found a glowing silver altar of Zin.
  5375 | D:5      | Found a snail-covered altar of Cheibriados.
  5518 | D:6      | Found Fiq Sudo's Antique Armour Shop.
  5551 | D:6      | Found an ancient bone altar of Kikubaaqudgha.
  5686 | D:6      | Found a burning altar of Makhleb.
  5687 | D:6      | Found a shimmering altar of Xom.
  5711 | D:6      | Reached XP level 8. HP: 45/60 MP: 5/12
  5718 | D:6      | Learned a level 4 spell: Summon Ice Beast
  5907 | D:6      | Found a basalt altar of Yredelemnul.
  6106 | D:6      | Reached * piety under Okawaru
  6106 | D:6      | Reached skill level 5 in Polearms
  6446 | D:7      | Noticed Menkaure
  6500 | D:7      | Found a hide-covered altar of Uskayaw.
  6632 | D:7      | Reached skill level 1 in Conjurations
  6762 | D:7      | Reached skill level 5 in Fighting
  6789 | D:7      | Killed Menkaure
  6789 | D:7      | Reached ** piety under Okawaru
  6899 | D:7      | Found a blossoming altar of Fedhas.
  7239 | D:8      | Reached XP level 9. HP: 54/68 MP: 11/13
  7359 | D:8      | Reached skill level 1 in Armour
  7587 | D:8      | Found a hazy altar of Hepliaklqana.
  7608 | D:8      | Reached *** piety under Okawaru
  7712 | D:8      | Reached skill level 5 in Charms
  7788 | D:8      | Noticed a cyclops
  8106 | D:8      | HP: 2/69 [hippogriff (3)]
  8106 | D:8      | Mangled by a hippogriff

Levels and vault maps discovered:
D:1:      psy_arrival_spokes, layout_basic, minmay_shallow_snake_nest
D:2:      layout_loops_ring, nemelex_xobeh_ov_fountains_minmay, first_ration,
          minmay_randomly_rotated_circles
D:3:      layout_loops_ring, gammafunk_ghost_nasty_kobolds
D:4:      layout_basic, serial_corexii_hall, corexii_hall_statues_l,
          chequers_hall_statues_wall_a, corexii_hall_statues_l,
          chequers_hall_statues_corner_a, chequers_hall_statues_wall_a,
          corexii_hall_statues_x, serial_shops, shop_fountains,
          elyvilon_altar_5, uniq_ijyb
D:5:      layout_basic, slow_altar_2, lemuel_crystal_altar,
          minmay_temple_entry_grid, minmay_misc_feat_plants
D:6:      layout_loops_ring, grunt_temple_overflow_champion_of_chaos,
          kiku_gazebo_pond_becter, yredelemnul_forgotten_temple_becter,
          serial_shops, shop
D:7:      layout_cave_pools, fedhas_altar_fruit_tree, basic_altar, serial_glass,
          glass_columns_b, glass_columns_a, chequers_serial_rivers_micro_a,
          uniq_menkaure
D:8:      layout_basic, marbit_many_paths
Temple:   minmay_freezing_vapour_temple

Skill      XL: |  1  2  3  4  5  6  7  8  9 |
---------------+----------------------------+-----
Dodging        | 3 4 5 7 |  7.9
Fighting       | 1 2 3 4 5 6 |  6.1
Ice Magic      | 4 5 6 7 |  7.1
Spellcasting   | 3 |  3.0
Polearms       | 1 2 4 6 7 |  7.3
Charms         | 1 2 3 4 5 |  5.3
Conjurations   | 1 2 |  2.0
Armour         | 2 |  2.1
Stealth        | |  2.1

Action                   |  1- 3 |  4- 6 |  7- 9 || total
-------------------------+-------+-------+-------++-------
Melee: Short sword       |   106 |   105 |       ||   211
       Trident           |       |   131 |   380 ||   511
       Tailslap          |       |       |     5 ||     5
       Punch             |       |       |     1 ||     1
 Cast: Freeze            |    14 |    72 |   127 ||   213
       Ozocubu's Armour  |       |     2 |    11 ||    13
Invok: Heroism           |       |       |     1 ||     1
  Use: Scroll            |       |     7 |     1 ||     8
       Potion            |       |       |     1 ||     1
 Stab: Sleeping          |     4 |     5 |     5 ||    14
       Distracted        |       |     1 |       ||     1
  Eat: Ration            |     1 |     3 |     3 ||     7
       Chunk             |       |     1 |     4 ||     5
Armor: Robe              |    33 |    48 |       ||    81
       Leather armour    |       |    10 |   126 ||   136
Dodge: Dodged            |   115 |   250 |   486 ||   851
